 Dungeon Crawl Stone Soup version 0.25-a0-105-g2289b3b (webtiles) character file.

Game seed: 18236963821849021934, levelgen mode: deterministic

12309 Dorkslayer the Carver (level 11, -12/75 HPs)
             Began as an Octopode Fighter on Nov 16, 2019.
             Was a High Priest of Dithmenos.
             Mangled by an orc warrior
             ... wielding a +0 scimitar
              (34 damage)
             ... on level 2 of the Orcish Mines.
             The game lasted 01:04:18 (10073 turns).

Dorkslayer the Carver (Octopode Fighter)           Turns: 10073, Time: 01:04:19

Health: -12/75     AC:  1    Str: 19    XL:     11   Next: 91%
Magic:  16/16      EV: 19    Int: 13    God:    Dithmenos [*****.]
Gold:   961        SH: 12    Dex: 17    Spells: 10/10 levels left

rFire    . . .     SeeInvis +   H - +3 long sword
rCold    + . .     Gourm    +   b - +2 shield
rNeg     . . .     Faith    .   (helmet restricted)
rPois    .         Spirit   .   z - amulet of Eblitteh {Gourm Int+2}
rElec    .         Reflect  .   h - +4 ring of evasion
rCorr    .         Harm     .   p - ring of see invisible
MR       .....                  j - +6 ring of dexterity
Stlth    ++++++++..             F - ring of flight
HPRegen  0.22/turn              (no ring)
MPRegen  0.15/turn              (no ring)
                                (no ring)
                                (no ring)

@: wreathed by umbra
A: almost no armour, stealthy swim, amphibious, 8 rings, constrict 8, tentacle
spike 1, camouflage 1, cold resistance 1, gelatinous body 1
a: Shadow Step, Shadow Form, Renounce Religion, Evoke Flight


You were on level 2 of the Orcish Mines.
You worshipped Dithmenos.
Dithmenos was extremely pleased with you.
You were very full.

You visited 3 branches of the dungeon, and saw 13 of its levels.

You collected 961 gold pieces.

Inventory:

Hand Weapons
 a - a +2 long sword
 H - a +3 long sword (weapon)
Missiles
 g - 2 curare-tipped darts (quivered)
 k - an atropa-tipped dart
 E - 28 poisoned darts
Armour
 b - a +2 shield (worn)
Jewellery
 h - a +4 ring of evasion (left tentacle)
 j - a +6 ring of dexterity (on tentacle)
 p - a ring of see invisible (right tentacle)
 z - the amulet of Eblitteh (around mantle) {Gourm Int+2}
   (You acquired it on level 7 of the Dungeon)

   [amulet of the gourmand]

   It allows you to eat raw meat even when not hungry.
   It affects your intelligence (+2).
 F - a ring of flight (on tentacle)
Wands
 f - a wand of flame (8)
 x - a wand of iceblast (11)
 y - a wand of paralysis (10)
 C - a wand of polymorph (5)
 D - a wand of scattershot (3)
Scrolls
 q - a scroll of fog
 u - 3 scrolls of amnesia
 w - 6 scrolls of remove curse
Potions
 e - 3 potions of curing
 r - 5 potions of lignification
 v - 3 potions of flight
 A - a potion of mutation
 G - 3 potions of brilliance
Comestibles
 d - 28 rations


   Skills:
 * Level 7.5 Fighting
 + Level 9.5 Long Blades
 + Level 6.7 Throwing
 + Level 5.7 Dodging
 + Level 9.0 Stealth
 + Level 5.6 Shields
 * Level 6.2 Invocations
 * Level 7.8 Evocations


You had 10 spell levels left.
You didn't know any spells.
Your spell library contained the following spells:

 Spells                   Type           Power        Failure   Level  Hunger
 Animate Skeleton         Necr           N/A          71%         1    ##.....
 Confusing Touch          Hex            #.....       71%         1    ##.....
 Pain                     Necr           #...         71%         1    ##.....
 Summon Small Mammal      Summ           #...         71%         1    ##.....
 Call Imp                 Summ           #.......     83%         2    ###....
 Call Canine Familiar     Summ           #.......     97%         3    ####...
 Confuse                  Hex            #.......     97%         3    ####...
 Gell's Gravitas          Tloc           #.........   97%         3    ####...
 Regeneration             Chrm/Necr      #.........   97%         3    ####...
 Summon Guardian Golem    Hex/Summ       #.......     97%         3    ####...
 Vampiric Draining        Necr           #.........   97%         3    ####...
 Animate Dead             Necr           N/A          100%        4    #####..
 Petrify                  Tmut/Erth      #.......     100%        4    #####..
 Summon Ice Beast         Ice/Summ       #.......     100%        4    #####..
 Summon Lightning Spire   Summ/Air       #.......     100%        4    #####..
 Metabolic Englaciation   Hex/Ice        #.........   100%        5    ######.
 Yara's Violent Unravell  Hex/Tmut       #.........   100%        5    ######.


Dungeon Overview and Level Annotations

Branches:
Dungeon (10/15)            Temple (1/1) D:5            Lair (0/6) D:10
    Orc (2/2) D:9             Elf (0/3) Orc:2

Altars:
Ashenzari
Cheibriados
Dithmenos
Elyvilon
Fedhas
Gozag
Hepliaklqana
Kikubaaqudgha
Makhleb
Okawaru
Qazlal
Sif Muna
Trog
Uskayaw
Vehumet
Yredelemnul
Zin
The Shining One

Shops:
Orc:2 *:

Annotations:
D:3 2 transporters, DrEnzyme's ghost, weakling VSWn
Orc:1 2 runed translucent doors


Innate Abilities, Weirdness & Mutations

You cannot wear most types of armour.
You are very stealthy in the water. (Stealth+)
You are amphibious.
You can wear up to eight rings at the same time.
You can use your tentacles to constrict eight enemies at once.
Your skin changes colour to match your surroundings (Stealth+).
Your rubbery body absorbs attacks. (AC +1, EV +1)
One of your tentacles bears a spike.
Your flesh is cold resistant. (rC+)


Message History

Press: ? - help, Shift-Dir - straight line, f - ogre
Aim: an ogre, wielding a +0 giant club (umbra)
The burst of metal fragments hits the orc warrior but does no damage.
The burst of metal fragments hits the ogre! x3
You kill the ogre!
Dithmenos accepts your kill.
Your Stealth skill increases to level 9!
The burst of metal fragments hits the orc warrior. x2
The burst of metal fragments hits the orc wizard!
The burst of metal fragments hits the orc priest!
The burst of metal fragments hits the orc warrior.
The burst of metal fragments hits the orc warrior but does no damage.
The orc wizard is severely wounded.
The orc priest is almost dead.
The orc warrior is moderately wounded.
The orc priest shouts!
The orc wizard shouts!
The orc warlord no longer looks unusually strong.
The orc high priest no longer looks unusually strong.
The orc warrior hits you with a +0 scimitar!!
You die...

,,,,,,,,,,,,,,,,,,,,,*,,,,,,,*
,,,,,,,,,.......##...#*,,,*,,**
8,,,,,,,.......#....$###,*,,,,*
,,,,,,,.....o..........$*,*,,,*
,,,,,,........o.........,,,,,**
∩,,,,...................*,*,,,*
,,,,P........o..........**,,,**
,,,.....................,,,<>*
,,,PP.........o.@)ooo...,,,,,**
,,,..$....o...ooPo...o..,,,,,,*
,,,...........oP...oPo..,,,,,,*
,,,.........oo....Oo..oo,,,,,**
,,,..$..............o...,,,,,,*
,,,........o.Po..∩......,,,,,**
,,,........#....8........,,,,*
,,,#.....o..ooP..........,,,**
,,,.......§§§.§§.....P...,,,**


You could see an orc warlord, an orc knight, an orc high priest, an orc
sorcerer, 9 orc warriors, an ogre, 3 orc priests, 4 orc wizards and 6 orcs.

Vanquished Creatures
  A two-headed ogre (D:8)
  Pikel (D:6)
  An orc sorcerer (Orc:2)
  2 trolls
  A queen bee (D:9)
  4 yaks (D:9)
  4 hogs (D:7)
  Eustachio (D:5)
  A human (D:7)
  Grum (D:9)
  Edmund (D:5)
  Menkaure (D:7)
  3 wargs
  Duvessa (D:5)
  2 ice beasts
  4 orc warriors
  A porcupine (D:10)
  3 black bears (D:10)
  5 sky beasts
  2 phantoms
  12 ogres
  4 wolves (D:9)
  7 necrophages
  5 centaurs
  3 big kobolds
  4 bullfrogs
  Dowan (D:5)
  4 scorpions
  A water moccasin skeleton (D:5)
  4 wights (D:9)
  24 killer bees
  An electric eel (D:9)
  4 howler monkeys
  5 crimson imps
  2 jellies
  A quasit (D:7)
  A centaur skeleton (D:8)
  A bullfrog zombie (D:6)
  7 hounds
  Crazy Yiuf (D:2)
  8 orc priests
  2 bullfrog skeletons
  Ijyb (D:5)
  An iron imp (D:7)
  Natasha (thrice) (D:2)
  Terence (D:3)
  3 iguanas
  10 orc wizards
  8 worker ants
  A mummy (D:9)
  2 hound zombies
  2 hound skeletons
  Robin (D:4)
  7 adders
  9 gnolls
  A shadow imp (D:7)
  3 oozes
  An adder zombie (D:7)
  3 worms
  A dart slug (D:4)
  A leopard gecko (D:1)
  49 orcs
  3 ball pythons
  3 giant cockroaches
  28 goblins
  9 hobgoblins
  12 jackals
  7 quokkas
  3 bats
  9 frilled lizards
  25 kobolds
  A leopard gecko skeleton (D:6)
  2 quokka skeletons
  A quokka zombie (D:5)
  3 rats
  3 fungi (D:10)
  2 plants (D:10)
361 creatures vanquished.

Vanquished Creatures (others)
  A centaur zombie (D:6)
  An iguana (D:6)
  2 goblins (D:6)
  A hobgoblin (D:6)
  A kobold (D:6)
  A bush (D:6)
  4 fungi (Orc:2)
  4 plants (D:6)
15 creatures vanquished.

Grand Total: 376 creatures vanquished

Notes
Turn   | Place    | Note
-------+----------+-------------------------------------------
     0 | D:1      | Dorkslayer the Octopode Fighter began the quest for the
                  | Orb.
     0 | D:1      | Reached XP level 1. HP: 16/16 MP: 1/1
   286 | D:1      | Reached XP level 2. HP: 21/21 MP: 2/2
   914 | D:2      | Noticed Natasha
   923 | D:2      | Gained mutation: One of your tentacles bears a spike.
                  | [potion of mutation]
   923 | D:2      | Gained mutation: Your flesh is cold resistant. (rC+)
                  | [potion of mutation]
   928 | D:2      | Killed Natasha
   928 | D:2      | Reached XP level 3. HP: 8/26 MP: 3/3
  1009 | D:2      | Reached skill level 1 in Throwing
  1012 | D:2      | Reached XP level 4. HP: 12/31 MP: 4/4
  1359 | D:2      | Found a bloodstained altar of Trog.
  1396 | D:2      | Reached skill level 1 in Stealth
  1460 | D:2      | Noticed Natasha
  1469 | D:2      | Killed Natasha
  1469 | D:2      | Reached XP level 5. HP: 32/36 MP: 5/5
  1647 | D:2      | Noticed Natasha
  1666 | D:2      | Killed Natasha
  1751 | D:2      | Found a runed translucent door.
  1752 | D:2      | Noticed Crazy Yiuf
  1761 | D:2      | Killed Crazy Yiuf
  1997 | D:3      | Found a transporter.
  2000 | D:3      | Found the +8 Wrath of Trog {antimagic, *Rage}
  2000 | D:3      | Noticed DrEnzyme's ghost (weakling VSWn)
  2011 | D:3      | Found a transporter.
  2035 | D:3      | Reached XP level 6. HP: 31/43 MP: 6/6
  2744 | D:3      | Noticed Terence
  2751 | D:3      | Killed Terence
  2961 | D:4      | Found a basalt altar of Yredelemnul.
  2995 | D:4      | Reached XP level 7. HP: 47/47 MP: 7/7
  3013 | D:4      | Found a glowing golden altar of the Shining One.
  3184 | D:4      | Noticed Robin
  3209 | D:4      | Killed Robin
  3352 | D:4      | Found an iron altar of Okawaru.
  3862 | D:5      | Entered Level 5 of the Dungeon
  3862 | D:5      | Noticed Eustachio
  3864 | D:5      | Reached skill level 5 in Long Blades
  3875 | D:5      | Killed Eustachio
  3875 | D:5      | Reached skill level 1 in Evocations
  3875 | D:5      | Reached XP level 8. HP: 45/54 MP: 7/9
  3876 | D:5      | Noticed Dowan
  3877 | D:5      | Noticed Duvessa
  3884 | D:5      | Killed Dowan
  3884 | D:5      | Reached skill level 5 in Stealth
  3889 | D:5      | Killed Duvessa
  4128 | D:5      | Noticed Edmund
  4138 | D:5      | Killed Edmund
  4212 | D:5      | Reached XP level 9. HP: 41/59 MP: 11/11
  4290 | D:5      | Noticed Ijyb
  4298 | D:5      | Killed Ijyb
  4398 | D:5      | Found a staircase to the Ecumenical Temple.
  4414 | Temple   | Entered the Ecumenical Temple
  4482 | Temple   | Became a worshipper of Dithmenos the Shadowed
  4922 | D:6      | Noticed Pikel
  4951 | D:6      | Killed Pikel
  4951 | D:6      | Reached skill level 5 in Fighting
  5205 | D:6      | Reached * piety under Dithmenos
  5345 | D:6      | Found a blossoming altar of Fedhas.
  5480 | D:6      | Reached skill level 1 in Invocations
  5647 | D:7      | Reached skill level 5 in Evocations
  5647 | D:7      | Reached XP level 10. HP: 63/65 MP: 13/13
  5720 | D:7      | Identified the +3 plate armour "Deroh" {+Blink} (You found
                  | it on level 7 of the Dungeon)
  5777 | D:7      | Noticed Menkaure
  5782 | D:7      | Found a hazy altar of Hepliaklqana.
  5790 | D:7      | Killed Menkaure
  5844 | D:7      | Identified a scroll of acquirement
  5846 | D:7      | Got a shimmering emerald amulet
  5847 | D:7      | Identified the amulet of Eblitteh {Gourm Int+2} (You
                  | acquired it on level 7 of the Dungeon)
  6029 | D:7      | Found a snail-covered altar of Cheibriados.
  6035 | D:7      | Reached ** piety under Dithmenos
  6453 | D:8      | Noticed a two-headed ogre
  6473 | D:8      | Reached skill level 5 in Shields
  6484 | D:8      | Killed a two-headed ogre
  6484 | D:8      | Reached skill level 5 in Throwing
  6484 | D:8      | Reached skill level 5 in Dodging
  6540 | D:8      | Found a bloodstained altar of Trog.
  6748 | D:8      | Found a glowing silver altar of Zin.
  6942 | D:9      | Reached *** piety under Dithmenos
  7249 | D:9      | Reached XP level 11. HP: 67/73 MP: 15/15
  7261 | D:9      | Reached skill level 5 in Invocations
  7280 | D:9      | Noticed Grum
  7288 | D:9      | Killed Grum
  7581 | D:9      | Reached **** piety under Dithmenos
  8228 | D:9      | Found a staircase to the Orcish Mines.
  8263 | Orc:1    | Entered Level 1 of the Orcish Mines
  8263 | Orc:1    | Found a runed translucent gate.
  8263 | Orc:1    | Noticed an orc sorcerer
  8264 | Orc:1    | Found a runed translucent gate.
  8264 | Orc:1    | Noticed an orc knight
  8269 | Orc:1    | Found an opulent altar of Gozag.
  8269 | Orc:1    | Noticed an orc knight
  8300 | D:10     | Entered Level 10 of the Dungeon
  9051 | D:10     | Found a staircase to the Lair.
  9172 | D:10     | Reached ***** piety under Dithmenos
  9671 | Orc:2    | Entered Level 2 of the Orcish Mines
  9776 | Orc:2    | Found Zudis's General Store.
  9776 | Orc:2    | Noticed an orc sorcerer
  9776 | Orc:2    | Noticed an orc warlord
  9776 | Orc:2    | Noticed an orc high priest
  9776 | Orc:2    | Noticed an orc knight
  9776 | Orc:2    | Noticed an orc knight
  9785 | Orc:1    | Noticed an orc knight
  9785 | Orc:1    | Noticed an orc sorcerer
 10051 | Orc:2    | Noticed an orc sorcerer
 10053 | Orc:2    | Noticed an orc knight
 10054 | Orc:2    | Found Jiriywn's Book Shoppe.
 10058 | Orc:2    | Killed an orc sorcerer
 10064 | Orc:2    | Noticed an orc sorcerer
 10073 | Orc:2    | Mangled by an orc warrior

Levels and vault maps discovered:
D:1:      eino_arrival_water_star, layout_loops_ring, serial_aquarium,
          aquarium_bridge_square [aquarium_subvault_window,
          aquarium_subvault_wall, aquarium_subvault_wall,
          aquarium_subvault_bridge], aquarium_bridge_square
          [aquarium_subvault_bridge, aquarium_subvault_window,
          aquarium_subvault_balcony, aquarium_subvault_wall], aquarium_window_1,
          aquarium_window_fake, aquarium_view_2e, aquarium_balcony_3a,
          aquarium_pool_S
D:2:      layout_loops_ring, old_standard_altar, uniq_crazy_yiuf_cottage,
          uniq_natasha
D:3:      layout_basic, gammafunk_ghost_stat_death, uniq_terence
D:4:      kennysheep_goblin_castle, layout_gridville, old_standard_altar,
          okawaru_ov_weapons_minmay, nicolae_tso_carved_into_rock
D:5:      layout_basic, minmay_temple_entry_proselytizer, first_ration,
          uniq_ijyb, uniq_duvessa, uniq_edmund, uniq_eustachio
D:6:      corexii_shantytown, layout_rooms, fedhas_altar_decomposition,
          kennysheep_nondescript, uniq_pikel
D:7:      minmay_octagon_keep, layout_basic, slow_altar_1, basic_altar,
          grunt_livestock, uniq_menkaure
D:8:      layout_rooms, zin_academy, trog_three_pillars_becter
D:9:      layout_basic, serial_undead, serial_undead_f, serial_undead_f,
          serial_undead_e, serial_undead_a, serial_undead_c, serial_undead_c,
          minmay_misc_feat_columns, minivault_7, uniq_grum
D:10:     layout_stronghold, grunt_lair_entry_orc_guard_hut
Temple:   regret_index_temple_generic_petals
Orc:1:    layout_caves, ebering_ghost_gozag
Orc:2:    grunt_orc_gardens, layout_caves, grunt_orc_garden, grunt_orc_garden,
          grunt_orc_garden, grunt_orc_garden, serial_shops, shop

Skill      XL: |  1  2  3  4  5  6  7  8  9 10 11 |
---------------+----------------------------------+-----
Throwing       | 1 2 3 4 5 6 |  6.7
Stealth        | 1 2 3 4 6 7 8 9 |  9.0
Long Blades    | 3 4 5 6 7 8 9 |  9.5
Dodging        | 4 5 |  5.7
Fighting       | 4 5 6 7 |  7.5
Shields        | 4 5 |  5.6
Evocations     | 1 3 5 6 7 |  7.8
Invocations    | 2 4 6 |  6.2

Action                   |  1- 3 |  4- 6 |  7- 9 | 10-12 || total
-------------------------+-------+-------+-------+-------++-------
Melee: Long sword        |    20 |    61 |   216 |   276 ||   573
       Constrict         |     6 |    18 |    58 |    74 ||   156
       Tentacles         |     1 |    11 |    66 |    86 ||   164
       Kick              |     1 |    21 |   106 |   154 ||   282
Throw: Dart              |    12 |    14 |    11 |    74 ||   111
       Throwing net      |       |     2 |     3 |     1 ||     6
       Boomerang         |       |       |     9 |   115 ||   124
Evoke: Wand              |       |       |    17 |    34 ||    51
  Use: Potion            |     1 |       |     1 |     6 ||     8
       Scroll            |       |     7 |    10 |    18 ||    35
 Stab: Sleeping          |       |     8 |    16 |     8 ||    32
       Held in net/web   |       |     1 |     3 |       ||     4
       Confused          |       |       |     1 |       ||     1
       Distracted        |       |       |       |     2 ||     2
       Paralysed         |       |       |       |     2 ||     2
       Invisible         |       |       |       |     1 ||     1
  Eat: Chunk             |       |     6 |     9 |    21 ||    36
Armor: Skin              |     1 |     2 |     1 |     3 ||     7
Dodge: Dodged            |     6 |    28 |    92 |   156 ||   282
Block: Shield            |     6 |    12 |    64 |   126 ||   208
       Rpst.: Long sword |     1 |    12 |    28 |    50 ||    91

Table legend:
 A = Non-vault XP
 B = Vault XP
 C = Vault XP percentage of total XP
 D = Non-vault monster count
 E = Vault monster count
 F = Vault count percentage of total count
                 A         B        C        D         E       F
            +---------+---------+-------+---------+---------+-------
      Total |    9753 |    7832 |  44.5 |     243 |     113 |  31.7
            +---------+---------+-------+---------+---------+-------
        D:1 |      20 |       0 |   0.0 |      12 |       0 |   0.0
        D:2 |     187 |      77 |  29.2 |      28 |       2 |   6.7
        D:3 |      82 |      36 |  30.5 |      14 |       1 |   6.7
        D:4 |     519 |      53 |   9.3 |      15 |      20 |  57.1
        D:5 |    1138 |     666 |  36.9 |      34 |       6 |  15.0
        D:6 |     169 |    1304 |  88.5 |       3 |      30 |  90.9
        D:7 |     827 |    1550 |  65.2 |      17 |      15 |  46.9
        D:8 |    1860 |       0 |   0.0 |      32 |       0 |   0.0
        D:9 |    2785 |    2512 |  47.4 |      38 |      30 |  44.1
       D:10 |    1055 |     719 |  40.5 |      22 |       6 |  21.4
      Orc:1 |     937 |       0 |   0.0 |      23 |       0 |   0.0
      Orc:2 |     174 |     915 |  84.0 |       5 |       3 |  37.5
            +---------+---------+-------+---------+---------+-------
